National vs Sewer Rats (R1)

Created - 26 septembre 2014 at 19:01

Goals
1 2 3 T
National 0 0 2 2
Sewer Rats 0 6 1 7
Shots
1 2 3 T
National 4 14 8 26
Sewer Rats 14 15 7 36

1st period

No Goal

Penalties :
Magnus Paajarvi-Svensson (Que) for Hooking (Minor) at 2:04, David Desharnais (Que) for High sticking (Double Minor) at 7:17, Matt Lashoff (Tol) for Holding (Minor) at 14:16

2nd period

1. Sewer Rats , Kyle Okposo 1 (John-Michael Liles, Max Pacioretty) at 4:18 (PP)
2. Sewer Rats , Mark Mancari 1 (Ville Leino, Lars Eller) at 16:01
3. Sewer Rats , Derek Dorsett 1 (Steven Reinprecht, Vojtech Polak) at 16:13
4. Sewer Rats , Ville Leino 2 (Tim Ramholt, Mark Mancari) at 17:32
5. Sewer Rats , Kyle Quincey 1 (Steven Kampfer) at 19:04 (PP)
6. Sewer Rats , Max Pacioretty 2 (Kyle Turris, John-Michael Liles) at 19:16

Penalties :
Max Pacioretty (Tol) for Boarding (Minor) at 0:22, Johannes Salmonsson (Que) for Hooking (Minor) at 4:03, Mark Mancari (Tol) for Holding Stick (Minor) at 6:35, Pasi Salonen (Que) for High sticking (Minor) at 17:39, John-Michael Liles (Tol) for Hooking (Minor) at 19:57

3rd period

7. Sewer Rats , Jordan Caron 1 (Kyle Quincey, Evan Brophey) at 3:20
8. National , Rico Fata 2 (Chris Mueller, Igor Makarov) at 5:50
9. National , Magnus Paajarvi-Svensson 1 (David Desharnais) at 10:55

Penalties :
Matt Lashoff (Tol) for Slashing (Minor) at 3:27, Lars Eller (Tol) for Holding (Minor) at 6:35, Philip Larsen (Que) for High sticking (Minor) at 11:46, John-Michael Liles (Tol) for Holding (Minor) at 14:56, Mark Mancari (Tol) for Holding (Minor) at 19:23

Goalie Stats

Tyler Plante (Que), 6 saves from 7 shots - (0,857), 20:44 minutes
Keith Kinkaid (Que), 23 saves from 29 shots - (0,793), L, 2-1-0, 39:16 minutes
Semyon Varlamov (Tol), 24 saves from 26 shots - (0,923), W, 1-1-0, 60:00 minutes

Players Stats for National

Player Name              G  A  P  +/- PIM S  H  SB GA TA FO     MP     PP MP  PK MP  
------------------------------------------------------------------------------------
Cédric Lalonde-McNicoll  0  0  0  -1  0   2  0  0  0  0  2/4     8:35   0:20   1:12 
Chris Mueller            0  1  1   0  0   0  1  0  0  0  3/6     7:59   0:00   0:05 
David Desharnais         0  1  1  -2  4   1  2  0  0  0  4/7    17:29   6:35   1:36 
Denis Bodrov             0  0  0   0  0   1  1  2  0  1  0/0    28:33   8:29   5:02 
Dustin Kohn              0  0  0   0  0   3  2  0  0  0  0/0    28:33   8:29   5:02 
Erik Gustafsson          0  0  0  -1  0   0  0  0  0  0  0/0     9:58   0:00   0:30 
Guillaume Desbiens       0  0  0   0  0   2  1  0  0  0  0/2    19:10   7:35   0:00 
Igor Makarov             0  1  1   0  0   2  2  0  0  0  0/0    12:06   0:19   2:35 
Johannes Salmonsson      0  0  0  -1  2   3  1  1  0  1  0/0     9:01   0:19   1:31 
Jonathan Cheechoo        0  0  0  -2  0   3  0  0  0  0  1/3     9:05   0:00   0:00 
Kristoffer Berglund      0  0  0  -1  0   0  0  0  0  0  0/0    10:52   0:00   1:37 
Magnus Paajarvi-Svensson 1  0  1  -2  2   1  3  0  0  0  0/0    18:49   6:35   2:47 
Mikael Backlund          0  0  0   0  0   0  3  0  2  1  15/31  23:37   7:34   4:49 
Pasi Salonen             0  0  0   0  2   3  0  0  2  0  0/0    18:58   7:35   0:00 
Pat Dwyer                0  0  0  -1  0   0  1  0  0  0  0/0    12:20   6:35   0:00 
Philip Larsen            0  0  0  -2  2   0  1  0  0  2  0/0    20:56   6:00   2:58 
Rico Fata                1  0  1   0  0   3  3  0  1  0  0/0    12:48   0:00   4:39 
Ty Wishart               0  0  0  -2  0   2  0  3  0  0  0/0    21:29   6:00   4:05 

Players Stats for Sewer Rats

Player Name              G  A  P  +/- PIM S  H  SB GA TA FO     MP     PP MP  PK MP  
------------------------------------------------------------------------------------
Derek Dorsett            1  0  1   1  0   1  0  0  0  0  2/2     7:49   0:48   0:00 
Evan Brophey             0  1  1   1  0   0  0  0  0  0  3/5     7:06   0:19   0:09 
John Erskine             0  0  0   0  0   0  1  2  0  0  0/0    17:36   0:32   8:14 
John-Michael Liles       0  2  2   2  4   2  0  0  0  0  0/0    23:47   4:52   4:59 
Jonathan Paiement        0  0  0   0  0   0  0  0  0  0  0/0     8:47   0:32   3:09 
Jordan Caron             1  0  1   1  0   2  0  0  0  0  0/0     7:20   0:36   0:00 
Kyle Okposo              1  0  1   0  0   4  1  0  1  0  1/1    16:23   4:34   0:00 
Kyle Quincey             1  1  2   1  0   3  2  1  0  0  0/0    12:13   4:13   0:00 
Kyle Turris              0  1  1   0  0   2  1  1  0  1  9/19   20:56   4:00   3:26 
Lars Eller               0  1  1   1  2   2  1  0  0  0  2/4    13:43   0:00   3:33 
Mark Mancari             1  1  2   2  4   2  2  0  0  0  0/0    13:24   3:57   0:00 
Matt Lashoff             0  0  0   0  4   0  2  0  0  0  0/0    15:31   0:00   5:00 
Mattias Ekholm           0  0  0   0  0   0  0  0  0  0  0/0     5:06   0:00   0:00 
Max Pacioretty           1  1  2   0  2   4  1  0  1  0  2/2    19:14   4:38   2:10 
Patrick Bordeleau        0  0  0   1  0   2  2  0  0  1  0/0     7:19   0:10   0:13 
Steven Kampfer           0  1  1   1  0   0  0  1  0  1  0/0    11:17   4:13   0:00 
Steven Reinprecht        0  1  1   1  0   2  0  0  0  0  9/19   18:02   4:36   7:21 
Tim Ramholt              0  1  1   1  0   5  0  0  1  2  0/0    26:04   4:52   7:36 
Ville Leino              1  1  2   2  0   3  0  0  0  0  0/1    20:15   4:04   7:23 
Vojtech Polak            0  1  1   0  0   2  1  0  2  0  0/0    13:31   1:09   4:43 

3 Stars

1 - Kyle Quincey (Tol)
2 - Ville Leino (Tol)
3 - Mark Mancari (Tol)

Power Play

National - 0 on 8 Attempt(s) - 0,00%
Sewer Rats - 2 on 6 Attempt(s) - 33,33%

Penalty Kill

National - 4 on 6 Attempt(s) - 66,67% - Score 0 goal in Penalty Kill
Sewer Rats - 8 on 8 Attempt(s) - 100,00% - Score 0 goal in Penalty Kill

Official

Referees : Charron Francis and Walsh Ian
Linesman : Andy McElman and Brian Mach

Game Notes

Tyler Plante enters game at 19:16 of 2nd period

Finance

Level 1 -- Attendance: 1421 (71,05%) -- Ticket Income 42 630 $
Level 2 -- Attendance: 713 (71,30%) -- Ticket Income 8 556 $
Total Attendance: 2134 (71,13%)
Total Ticket Income: 51 186 $
Other Income: 2 559 $
Total Income: 53 745 $

National

5 vs 5 Forward 
   Center                   Left Wing                Right Wing               Time % Phy DF OF 
 1 Mikael Backlund          Pasi Salonen             Guillaume Desbiens       40     1   2  2  
 2 David Desharnais         Magnus Paajarvi-Svensson Jonathan Cheechoo        30     1   2  2  
 3 Chris Mueller            Rico Fata                Igor Makarov             20     1   2  2  
 4 Cédric Lalonde-McNicoll  Johannes Salmonsson      Pat Dwyer                10     1   2  2  

5 vs 5 Defense 
   Defense                  Defense                                           Time % Phy DF OF 
 1 Dustin Kohn              Denis Bodrov                                      40     1   2  2  
 2 Philip Larsen            Ty Wishart                                        30     1   2  2  
 3 Erik Gustafsson          Kristoffer Berglund                               20     1   2  2  
 4 Dustin Kohn              Denis Bodrov                                      10     1   2  2  

PowerPlay Forward 
   Center                   Left Wing                Right Wing               Time % Phy DF OF 
 1 Mikael Backlund          Pasi Salonen             Guillaume Desbiens       60     1   2  2  
 2 David Desharnais         Magnus Paajarvi-Svensson Pat Dwyer                40     1   2  2  

PowerPlay Defense
   Defense                  Defense                                           Time % Phy DF OF 
 1 Dustin Kohn              Denis Bodrov                                      60     1   2  2  
 2 Philip Larsen            Ty Wishart                                        40     1   2  2  

Penalty Kill 4 Players Forward 
   Center                   Wing                     Time % Phy DF OF 
 1 Mikael Backlund          Rico Fata                60     1   2  2  
 2 David Desharnais         Magnus Paajarvi-Svensson 40     1   2  2  

Penalty Kill 4 Players Defense
   Defense                  Defense                  Time % Phy DF OF 
 1 Dustin Kohn              Denis Bodrov             60     1   2  2  
 2 Philip Larsen            Ty Wishart               40     1   2  2  

Penalty Kill - 3 Players Forward 
   Forward                                           Time % Phy DF OF 
 1 Mikael Backlund                                   60     1   2  2  
 2 David Desharnais                                  40     1   2  2  

Penalty Kill - 3 Players Defense
   Defense                  Defense                  Time % Phy DF OF 
 1 Dustin Kohn              Denis Bodrov             60     1   2  2  
 2 Philip Larsen            Ty Wishart               40     1   2  2  

4 vs 4 Forward 
   Center                   Wing                     Time % Phy DF OF 
 1 Mikael Backlund          Pasi Salonen             60     1   2  2  
 2 David Desharnais         Magnus Paajarvi-Svensson 40     1   2  2  

4 vs 4 Defense
   Defense                  Defense                  Time % Phy DF OF 
 1 Dustin Kohn              Denis Bodrov             60     1   2  2  
 2 Philip Larsen            Ty Wishart               40     1   2  2  

Last Minutes Offensive
   Center                   Left Wing                Right Wing               Defense                  Defense                  
   Mikael Backlund          Pasi Salonen             Guillaume Desbiens       Dustin Kohn              Denis Bodrov             

Last Minutes Defensive
   Center                   Left Wing                Right Wing               Defense                  Defense                  
   Mikael Backlund          Pasi Salonen             Guillaume Desbiens       Dustin Kohn              Denis Bodrov             

Goaltenders
Starting : Keith Kinkaid            
Backup : Tyler Plante             

Extra Forwards
Normal : Magnus Paajarvi-Svensson, Mikael Backlund, Igor Makarov - PP : Magnus Paajarvi-Svensson, Mikael Backlund - PK : Igor Makarov
Extra Defensemen
Normal : Erik Gustafsson, Kristoffer Berglund, Philip Larsen - PP : Erik Gustafsson - PK : Kristoffer Berglund, Philip Larsen
Penalty Shots
Pasi Salonen, Rico Fata, Guillaume Desbiens, Mikael Backlund, Johannes Salmonsson

Sewer Rats

5 vs 5 Forward 
   Center                   Left Wing                Right Wing               Time % Phy DF OF 
 1 Kyle Turris              Max Pacioretty           Kyle Okposo              40     1   2  2  
 2 Lars Eller               Ville Leino              Mark Mancari             30     1   2  2  
 3 Steven Reinprecht        Vojtech Polak            Derek Dorsett            20     1   2  2  
 4 Evan Brophey             Patrick Bordeleau        Jordan Caron             10     1   2  2  

5 vs 5 Defense 
   Defense                  Defense                                           Time % Phy DF OF 
 1 John-Michael Liles       Tim Ramholt                                       40     1   2  2  
 2 Matt Lashoff             Kyle Quincey                                      30     1   2  2  
 3 Steven Kampfer           John Erskine                                      20     1   2  2  
 4 Jonathan Paiement        Mattias Ekholm                                    10     1   2  2  

PowerPlay Forward 
   Center                   Left Wing                Right Wing               Time % Phy DF OF 
 1 Steven Reinprecht        Max Pacioretty           Kyle Okposo              60     1   2  2  
 2 Kyle Turris              Ville Leino              Mark Mancari             40     1   2  2  

PowerPlay Defense
   Defense                  Defense                                           Time % Phy DF OF 
 1 John-Michael Liles       Tim Ramholt                                       60     1   2  2  
 2 Steven Kampfer           Kyle Quincey                                      40     1   2  2  

Penalty Kill 4 Players Forward 
   Center                   Wing                     Time % Phy DF OF 
 1 Steven Reinprecht        Ville Leino              60     1   2  2  
 2 Lars Eller               Vojtech Polak            40     1   2  2  

Penalty Kill 4 Players Defense
   Defense                  Defense                  Time % Phy DF OF 
 1 Tim Ramholt              John Erskine             60     1   2  2  
 2 Matt Lashoff             John-Michael Liles       40     1   2  2  

Penalty Kill - 3 Players Forward 
   Forward                                           Time % Phy DF OF 
 1 Max Pacioretty                                    60     1   2  2  
 2 Ville Leino                                       40     1   2  2  

Penalty Kill - 3 Players Defense
   Defense                  Defense                  Time % Phy DF OF 
 1 Tim Ramholt              John Erskine             60     1   2  2  
 2 Matt Lashoff             John-Michael Liles       40     1   2  2  

4 vs 4 Forward 
   Center                   Wing                     Time % Phy DF OF 
 1 Max Pacioretty           Ville Leino              60     1   2  2  
 2 Kyle Okposo              Mark Mancari             40     1   2  2  

4 vs 4 Defense
   Defense                  Defense                  Time % Phy DF OF 
 1 John-Michael Liles       John Erskine             60     1   2  2  
 2 Matt Lashoff             Kyle Quincey             40     1   2  2  

Last Minutes Offensive
   Center                   Left Wing                Right Wing               Defense                  Defense                  
   Steven Reinprecht        Max Pacioretty           Kyle Okposo              John-Michael Liles       Tim Ramholt              

Last Minutes Defensive
   Center                   Left Wing                Right Wing               Defense                  Defense                  
   Kyle Turris              Max Pacioretty           Kyle Okposo              Tim Ramholt              John Erskine             

Goaltenders
Starting : Semyon Varlamov          
Backup : Jhonas Enroth            

Extra Forwards
Normal : Vojtech Polak, Derek Dorsett, Steven Reinprecht - PP : Vojtech Polak, Derek Dorsett - PK : Steven Reinprecht
Extra Defensemen
Normal : Steven Kampfer, Jonathan Paiement, Tim Ramholt - PP : Steven Kampfer - PK : Jonathan Paiement, Tim Ramholt
Penalty Shots
Max Pacioretty, Ville Leino, Kyle Okposo, Mark Mancari, Vojtech Polak

% Time on Ice - National

Lines # - Real PCT - Wanted PCT - Time Play
Normal Forward
1 - 36% - 40% - 13:06
2 - 26% - 30% - 9:12
3 - 22% - 20% - 7:47
4 - 16% - 10% - 5:49
Normal Defense
1 - 42% - 40% - 15:02
2 - 32% - 30% - 11:40
3 - 26% - 20% - 9:12
4 - 0% - 10% - 0:00
PP Forward
1 - 55% - 60% - 7:54
2 - 45% - 40% - 6:35
PP Defense
1 - 59% - 60% - 8:29
2 - 41% - 40% - 6:00
PK Forward
1 - 67% - 60% - 6:28
2 - 33% - 40% - 3:09
PK Defense
1 - 56% - 60% - 5:24
2 - 44% - 40% - 4:13
PK3 Forward
1 - 0% - 60%
2 - 0% - 40%
PK3 Defense
1 - 0% - 60%
2 - 0% - 40%
44 Forward
1 - 0% - 60%
2 - 0% - 40%
44 Defense
1 - 0% - 60%
2 - 0% - 40%
Last Minute Offensive  - 0:00
Last Minute Defensive  - 0:00
Total
Forward - 60:00
Defense - 60:00

% Time on Ice - Sewer Rats

Lines # - Real PCT - Wanted PCT - Time Play
Normal Forward
1 - 35% - 40% - 12:34
2 - 29% - 30% - 10:16
3 - 18% - 20% - 6:26
4 - 18% - 10% - 6:38
Normal Defense
1 - 38% - 40% - 13:36
2 - 28% - 30% - 10:08
3 - 20% - 20% - 7:04
4 - 14% - 10% - 5:06
PP Forward
1 - 56% - 60% - 5:26
2 - 44% - 40% - 4:11
PP Defense
1 - 51% - 60% - 4:52
2 - 49% - 40% - 4:45
PK Forward
1 - 70% - 60% - 10:05
2 - 30% - 40% - 4:24
PK Defense
1 - 52% - 60% - 7:36
2 - 48% - 40% - 6:53
PK3 Forward
1 - 0% - 60%
2 - 0% - 40%
PK3 Defense
1 - 0% - 60%
2 - 0% - 40%
44 Forward
1 - 0% - 60%
2 - 0% - 40%
44 Defense
1 - 0% - 60%
2 - 0% - 40%
Last Minute Offensive  - 0:00
Last Minute Defensive  - 0:00
Total
Forward - 60:00
Defense - 60:00

Play by Play

1st period


0:01 of 1st period - Kyle Turris wins face-off versus Mikael Backlund in neutral zone.
0:12 of 1st period - Slapshot by Max Pacioretty.
0:12 of 1st period - Stopped by Keith Kinkaid with a rebound.
0:46 of 1st period - Matt Lashoff is hit by Rico Fata.
0:54 of 1st period - Dustin Kohn is hit by Vojtech Polak and loses puck.
2:04 of 1st period - Minor Penalty to Magnus Paajarvi-Svensson for Hooking.
2:05 of 1st period - Max Pacioretty wins face-off versus Mikael Backlund in National zone.
2:09 of 1st period - Wrist shot by Kyle Okposo.
2:09 of 1st period - Shot Blocked by Denis Bodrov.
2:11 of 1st period - Snap shot by Kyle Okposo.
2:11 of 1st period - Shot Misses the Net.
2:13 of 1st period - Snap shot by Tim Ramholt.
2:13 of 1st period - Shot Misses the Net.
2:15 of 1st period - Snap shot by Tim Ramholt.
2:15 of 1st period - Deflect By Mikael Backlund.
2:15 of 1st period - Stopped by Keith Kinkaid without a rebound.
2:16 of 1st period - Steven Reinprecht wins face-off versus Mikael Backlund in National zone.
2:31 of 1st period - Snap shot by Steven Reinprecht.
2:31 of 1st period - Stopped by Keith Kinkaid with a rebound.
3:32 of 1st period - Steven Kampfer is hit by Dustin Kohn and loses puck.
4:04 of 1st period - Penalty to Magnus Paajarvi-Svensson is over, Magnus Paajarvi-Svensson is back on ice.
6:25 of 1st period - Philip Larsen is hit by John Erskine and loses puck.
6:56 of 1st period - Snap shot by Cédric Lalonde-McNicoll.
6:56 of 1st period - Stopped by Semyon Varlamov without a rebound.
6:57 of 1st period - David Desharnais wins face-off versus Steven Reinprecht in Sewer Rats zone.
7:17 of 1st period - Double Minor Penalty to David Desharnais for High sticking.
7:18 of 1st period - Mikael Backlund wins face-off versus Steven Reinprecht in National zone.
7:23 of 1st period - Tim Ramholt is hit by Mikael Backlund and loses puck.
8:03 of 1st period - Ville Leino is hit by Rico Fata.
10:35 of 1st period - Jonathan Paiement is hit by Johannes Salmonsson and loses puck.
11:17 of 1st period - Penalty to David Desharnais is over, David Desharnais is back on ice.
11:18 of 1st period - David Desharnais is hit by Patrick Bordeleau and loses puck.
11:45 of 1st period - Lars Eller is hit by Igor Makarov and loses puck.
11:58 of 1st period - Jonathan Cheechoo is hit by Kyle Turris and loses puck.
12:11 of 1st period - Snap shot by Rico Fata.
12:11 of 1st period - Stopped by Semyon Varlamov without a rebound.
12:12 of 1st period - Derek Dorsett wins face-off versus Chris Mueller in Sewer Rats zone.
12:12 of 1st period - Derek Dorsett is hit by Chris Mueller.
12:33 of 1st period - Steven Kampfer is hit by Mikael Backlund and loses puck.
12:52 of 1st period - Wrist shot by Johannes Salmonsson.
12:52 of 1st period - Stopped by Semyon Varlamov with a rebound.
13:19 of 1st period - Igor Makarov is hit by Mark Mancari and loses puck.
14:05 of 1st period - Wrist shot by Jordan Caron.
14:05 of 1st period - Stopped by Keith Kinkaid without a rebound.
14:06 of 1st period - Mikael Backlund wins face-off versus Kyle Turris in National zone.
14:06 of 1st period - Mikael Backlund is hit by Kyle Quincey.
14:14 of 1st period - Wrist shot by Pasi Salonen.
14:14 of 1st period - Shot Misses the Net.
14:16 of 1st period - Minor Penalty to Matt Lashoff for Holding.
14:17 of 1st period - Mikael Backlund wins face-off versus Steven Reinprecht in Sewer Rats zone.
14:42 of 1st period - Ville Leino is hit by David Desharnais and loses puck.
16:16 of 1st period - Penalty to Matt Lashoff is over, Matt Lashoff is back on ice.
16:22 of 1st period - Wrist shot by Kyle Turris.
16:22 of 1st period - Stopped by Keith Kinkaid with a rebound.
16:24 of 1st period - Wrist shot by Kyle Turris.
16:24 of 1st period - Shot Misses the Net.
16:26 of 1st period - Slapshot by Max Pacioretty.
16:26 of 1st period - Stopped by Keith Kinkaid with a rebound.
16:28 of 1st period - Snap shot by Kyle Okposo.
16:28 of 1st period - Shot Hit the Post.
16:35 of 1st period - Icing by Philip Larsen.
16:36 of 1st period - Cédric Lalonde-McNicoll wins face-off versus Evan Brophey in National zone.
16:58 of 1st period - Dustin Kohn is hit by Kyle Quincey and loses puck.
17:13 of 1st period - Tim Ramholt is hit by David Desharnais.
17:35 of 1st period - Snap shot by Vojtech Polak.
17:35 of 1st period - Stopped by Keith Kinkaid without a rebound.
17:36 of 1st period - Kyle Turris wins face-off versus Mikael Backlund in National zone.
17:37 of 1st period - Wrist shot by Max Pacioretty.
17:37 of 1st period - Shot Misses the Net.
17:39 of 1st period - Wrist shot by Kyle Turris.
17:39 of 1st period - Stopped by Keith Kinkaid without a rebound.
17:40 of 1st period - Kyle Turris wins face-off versus Guillaume Desbiens in National zone.
17:45 of 1st period - Wrist shot by Kyle Okposo.
17:45 of 1st period - Shot Misses the Net.
17:47 of 1st period - Snap shot by Kyle Okposo.
17:47 of 1st period - Deflect By Max Pacioretty.
17:47 of 1st period - Stopped by Keith Kinkaid with a rebound.
17:49 of 1st period - Snap shot by Kyle Okposo.
17:49 of 1st period - Stopped by Keith Kinkaid with a rebound.
17:51 of 1st period - Slapshot by Tim Ramholt.
17:51 of 1st period - Stopped by Keith Kinkaid with a rebound.
17:53 of 1st period - Slapshot by Tim Ramholt.
17:53 of 1st period - Stopped by Keith Kinkaid with a rebound.
18:15 of 1st period - Slapshot by John-Michael Liles.
18:15 of 1st period - Deflect By Magnus Paajarvi-Svensson.
18:15 of 1st period - Stopped by Keith Kinkaid with a rebound.
18:29 of 1st period - Snap shot by Igor Makarov.
18:29 of 1st period - Shot Misses the Net.
18:44 of 1st period - Icing by Kyle Quincey.
18:45 of 1st period - Kyle Turris wins face-off versus Cédric Lalonde-McNicoll in Sewer Rats zone.
18:54 of 1st period - Snap shot by Cédric Lalonde-McNicoll.
18:54 of 1st period - Stopped by Semyon Varlamov without a rebound.
18:55 of 1st period - Mikael Backlund wins face-off versus Kyle Turris in Sewer Rats zone.
19:09 of 1st period - Wrist shot by Mikael Backlund.
19:09 of 1st period - Shot Misses the Net.
19:43 of 1st period - Slapshot by John-Michael Liles.
19:43 of 1st period - Stopped by Keith Kinkaid without a rebound.
19:44 of 1st period - Steven Reinprecht wins face-off versus Chris Mueller in National zone.
Goals for this period are 0 for National vs 0 for Sewer Rats.
Shots for this period are 4 for National vs 14 for Sewer Rats.

2nd period


0:01 of 2nd period - Mikael Backlund wins face-off versus Kyle Turris in neutral zone.
0:08 of 2nd period - Wrist shot by Pasi Salonen.
0:08 of 2nd period - Shot Blocked by Kyle Turris.
0:10 of 2nd period - Backhand shot by Pasi Salonen.
0:10 of 2nd period - Stopped by Semyon Varlamov with a rebound.
0:12 of 2nd period - Slapshot by Denis Bodrov.
0:12 of 2nd period - Shot Misses the Net.
0:14 of 2nd period - Slapshot by Dustin Kohn.
0:14 of 2nd period - Stopped by Semyon Varlamov with a rebound.
0:16 of 2nd period - Snap shot by Pasi Salonen.
0:16 of 2nd period - Shot Misses the Net.
0:22 of 2nd period - Minor Penalty to Max Pacioretty for Boarding.
0:23 of 2nd period - Mikael Backlund wins face-off versus Ville Leino in Sewer Rats zone.
0:30 of 2nd period - Wrist shot by Mikael Backlund.
0:30 of 2nd period - Shot Misses the Net.
0:32 of 2nd period - Wrist shot by Pasi Salonen.
0:32 of 2nd period - Shot Blocked by John Erskine.
2:20 of 2nd period - Kyle Turris is hit by Igor Makarov and loses puck.
2:22 of 2nd period - Penalty to Max Pacioretty is over, Max Pacioretty is back on ice.
4:03 of 2nd period - Minor Penalty to Johannes Salmonsson for Hooking.
4:04 of 2nd period - Steven Reinprecht wins face-off versus Mikael Backlund in National zone.
4:10 of 2nd period - Backhand shot by Steven Reinprecht.
4:10 of 2nd period - Stopped by Keith Kinkaid without a rebound.
4:11 of 2nd period - Max Pacioretty wins face-off versus Mikael Backlund in National zone.
4:14 of 2nd period - Wrist shot by Max Pacioretty.
4:14 of 2nd period - Shot Misses the Net.
4:16 of 2nd period - Slapshot by John-Michael Liles.
4:16 of 2nd period - Shot Misses the Net.
4:18 of 2nd period - Snap shot by Kyle Okposo.
4:18 of 2nd period - Goal by Kyle Okposo - National : 0 - Sewer Rats : 1.
4:19 of 2nd period - Kyle Turris wins face-off versus Mikael Backlund in neutral zone.
4:30 of 2nd period - Slapshot by Kyle Turris.
4:30 of 2nd period - Shot Misses the Net.
4:32 of 2nd period - Slapshot by Kyle Okposo.
4:32 of 2nd period - Shot Hit the Post.
4:34 of 2nd period - Snap shot by Tim Ramholt.
4:34 of 2nd period - Stopped by Keith Kinkaid with a rebound.
4:53 of 2nd period - Wrist shot by Jonathan Cheechoo.
4:53 of 2nd period - Stopped by Semyon Varlamov with a rebound.
5:39 of 2nd period - Wrist shot by Johannes Salmonsson.
5:39 of 2nd period - Stopped by Semyon Varlamov without a rebound.
5:40 of 2nd period - Mikael Backlund wins face-off versus Kyle Turris in Sewer Rats zone.
5:51 of 2nd period - Icing by Kyle Okposo.
5:52 of 2nd period - Kyle Turris wins face-off versus Mikael Backlund in Sewer Rats zone.
6:29 of 2nd period - Wrist shot by Jonathan Cheechoo.
6:29 of 2nd period - Stopped by Semyon Varlamov with a rebound.
6:35 of 2nd period - Minor Penalty to Mark Mancari for Holding Stick.
6:36 of 2nd period - Steven Reinprecht wins face-off versus Mikael Backlund in Sewer Rats zone.
6:47 of 2nd period - Snap shot by Dustin Kohn.
6:47 of 2nd period - Shot Misses the Net.
6:49 of 2nd period - Snap shot by Pasi Salonen.
6:49 of 2nd period - Stopped by Semyon Varlamov with a rebound.
6:51 of 2nd period - Slapshot by Dustin Kohn.
6:51 of 2nd period - Stopped by Semyon Varlamov with a rebound.
7:01 of 2nd period - Steven Reinprecht is hit by Magnus Paajarvi-Svensson.
8:23 of 2nd period - Kyle Turris is hit by Magnus Paajarvi-Svensson and loses puck.
8:34 of 2nd period - Matt Lashoff is hit by Guillaume Desbiens.
8:35 of 2nd period - Penalty to Mark Mancari is over, Mark Mancari is back on ice.
8:55 of 2nd period - Mark Mancari is hit by Rico Fata and loses puck.
10:20 of 2nd period - Wrist shot by Patrick Bordeleau.
10:20 of 2nd period - Stopped by Keith Kinkaid without a rebound.
10:21 of 2nd period - Chris Mueller wins face-off versus Evan Brophey in National zone.
11:07 of 2nd period - Slapshot by Denis Bodrov.
11:07 of 2nd period - Stopped by Semyon Varlamov with a rebound.
11:09 of 2nd period - Slapshot by Philip Larsen.
11:09 of 2nd period - Shot Misses the Net.
11:11 of 2nd period - Slapshot by Ty Wishart.
11:11 of 2nd period - Deflect By Kyle Turris.
11:11 of 2nd period - Stopped by Semyon Varlamov without a rebound.
11:12 of 2nd period - Cédric Lalonde-McNicoll wins face-off versus Kyle Turris in Sewer Rats zone.
11:13 of 2nd period - Wrist shot by Johannes Salmonsson.
11:13 of 2nd period - Stopped by Semyon Varlamov without a rebound.
11:14 of 2nd period - Kyle Turris wins face-off versus Cédric Lalonde-McNicoll in Sewer Rats zone.
11:23 of 2nd period - Steven Kampfer is hit by Pat Dwyer.
11:26 of 2nd period - Icing by Kyle Turris.
11:27 of 2nd period - Mikael Backlund wins face-off versus Kyle Turris in Sewer Rats zone.
11:28 of 2nd period - Backhand shot by Guillaume Desbiens.
11:28 of 2nd period - Stopped by Semyon Varlamov with a rebound.
12:05 of 2nd period - Wrist shot by Max Pacioretty.
12:05 of 2nd period - Shot Misses the Net.
12:29 of 2nd period - Dustin Kohn is hit by Kyle Okposo and loses puck.
12:54 of 2nd period - Slapshot by Dustin Kohn.
12:54 of 2nd period - Shot Misses the Net.
13:42 of 2nd period - Wrist shot by Mikael Backlund.
13:42 of 2nd period - Shot Blocked by Steven Kampfer.
14:04 of 2nd period - Mikael Backlund is hit by Max Pacioretty and loses puck.
14:15 of 2nd period - Max Pacioretty is hit by Denis Bodrov and loses puck.
14:44 of 2nd period - Slapshot by Kyle Okposo.
14:44 of 2nd period - Stopped by Keith Kinkaid without a rebound.
14:45 of 2nd period - Jonathan Cheechoo wins face-off versus Lars Eller in National zone.
14:47 of 2nd period - Icing by Magnus Paajarvi-Svensson.
14:48 of 2nd period - David Desharnais wins face-off versus Lars Eller in National zone.
15:35 of 2nd period - Slapshot by Lars Eller.
15:35 of 2nd period - Shot Misses the Net.
15:53 of 2nd period - Wrist shot by Lars Eller.
15:53 of 2nd period - Stopped by Keith Kinkaid with a rebound.
15:55 of 2nd period - Snap shot by Ville Leino.
15:55 of 2nd period - Stopped by Keith Kinkaid with a rebound.
15:57 of 2nd period - Snap shot by Ville Leino.
15:57 of 2nd period - Stopped by Keith Kinkaid with a rebound.
15:59 of 2nd period - Snap shot by Ville Leino.
15:59 of 2nd period - Shot Misses the Net.
16:01 of 2nd period - Wrist shot by Mark Mancari.
16:01 of 2nd period - Goal by Mark Mancari - National : 0 - Sewer Rats : 2.
16:02 of 2nd period - Steven Reinprecht wins face-off versus Jonathan Cheechoo in neutral zone.
16:13 of 2nd period - Snap shot by Derek Dorsett.
16:13 of 2nd period - Goal by Derek Dorsett - National : 0 - Sewer Rats : 3.
16:14 of 2nd period - David Desharnais wins face-off versus Steven Reinprecht in neutral zone.
16:24 of 2nd period - Icing by Tim Ramholt.
16:25 of 2nd period - David Desharnais wins face-off versus Steven Reinprecht in Sewer Rats zone.
16:32 of 2nd period - Snap shot by Jonathan Cheechoo.
16:32 of 2nd period - Stopped by Semyon Varlamov with a rebound.
16:34 of 2nd period - Slapshot by David Desharnais.
16:34 of 2nd period - Shot Misses the Net.
16:36 of 2nd period - Wrist shot by David Desharnais.
16:36 of 2nd period - Stopped by Semyon Varlamov with a rebound.
16:56 of 2nd period - Wrist shot by Rico Fata.
16:56 of 2nd period - Deflect By Igor Makarov.
16:56 of 2nd period - Stopped by Semyon Varlamov without a rebound.
16:57 of 2nd period - Lars Eller wins face-off versus David Desharnais in Sewer Rats zone.
16:57 of 2nd period - Lars Eller is hit by Magnus Paajarvi-Svensson.
17:03 of 2nd period - David Desharnais is hit by Mark Mancari and loses puck.
17:20 of 2nd period - Snap shot by Kyle Quincey.
17:20 of 2nd period - Shot Misses the Net.
17:28 of 2nd period - Wrist shot by Mark Mancari.
17:28 of 2nd period - Stopped by Keith Kinkaid with a rebound.
17:30 of 2nd period - Slapshot by Tim Ramholt.
17:30 of 2nd period - Stopped by Keith Kinkaid with a rebound.
17:32 of 2nd period - Slapshot by Tim Ramholt.
17:32 of 2nd period - Deflect By Ville Leino.
17:32 of 2nd period - Goal by Ville Leino - National : 0 - Sewer Rats : 4.
17:33 of 2nd period - Kyle Okposo wins face-off versus Mikael Backlund in neutral zone.
17:39 of 2nd period - Minor Penalty to Pasi Salonen for High sticking.
17:40 of 2nd period - Mikael Backlund wins face-off versus Steven Reinprecht in National zone.
18:27 of 2nd period - Icing by Max Pacioretty.
18:28 of 2nd period - Mikael Backlund wins face-off versus Steven Reinprecht in Sewer Rats zone.
19:04 of 2nd period - Slapshot by Kyle Quincey.
19:04 of 2nd period - Goal by Kyle Quincey - National : 0 - Sewer Rats : 5.
19:05 of 2nd period - Kyle Turris wins face-off versus David Desharnais in neutral zone.
19:14 of 2nd period - Snap shot by Max Pacioretty.
19:14 of 2nd period - Shot Misses the Net.
19:16 of 2nd period - Wrist shot by Max Pacioretty.
19:16 of 2nd period - Goal by Max Pacioretty - National : 0 - Sewer Rats : 6.
19:16 of 2nd period - Tyler Plante enters game.
19:17 of 2nd period - Kyle Turris wins face-off versus Guillaume Desbiens in neutral zone.
19:57 of 2nd period - Minor Penalty to John-Michael Liles for Hooking.
19:58 of 2nd period - Steven Reinprecht wins face-off versus Mikael Backlund in Sewer Rats zone.
Goals for this period are 0 for National vs 6 for Sewer Rats.
Shots for this period are 14 for National vs 15 for Sewer Rats.

3rd period


0:01 of 3rd period - Mikael Backlund wins face-off versus Steven Reinprecht in neutral zone.
1:57 of 3rd period - Penalty to John-Michael Liles is over, John-Michael Liles is back on ice.
2:30 of 3rd period - Snap shot by Max Pacioretty.
2:30 of 3rd period - Shot Blocked by Johannes Salmonsson.
3:18 of 3rd period - Slapshot by Kyle Quincey.
3:18 of 3rd period - Shot Misses the Net.
3:20 of 3rd period - Snap shot by Jordan Caron.
3:20 of 3rd period - Goal by Jordan Caron - National : 0 - Sewer Rats : 7.
3:21 of 3rd period - Mikael Backlund wins face-off versus Kyle Turris in neutral zone.
3:27 of 3rd period - Minor Penalty to Matt Lashoff for Slashing.
3:28 of 3rd period - Mikael Backlund wins face-off versus Steven Reinprecht in Sewer Rats zone.
3:34 of 3rd period - Slapshot by Pasi Salonen.
3:34 of 3rd period - Shot Blocked by John Erskine.
3:36 of 3rd period - Snap shot by Philip Larsen.
3:36 of 3rd period - Shot Misses the Net.
3:38 of 3rd period - Slapshot by Pasi Salonen.
3:38 of 3rd period - Shot Misses the Net.
3:40 of 3rd period - Slapshot by Guillaume Desbiens.
3:40 of 3rd period - Shot Misses the Net.
3:42 of 3rd period - Wrist shot by Pasi Salonen.
3:42 of 3rd period - Shot Misses the Net.
5:27 of 3rd period - Penalty to Matt Lashoff is over, Matt Lashoff is back on ice.
5:44 of 3rd period - Slapshot by Igor Makarov.
5:44 of 3rd period - Stopped by Semyon Varlamov with a rebound.
5:46 of 3rd period - Slapshot by Chris Mueller.
5:46 of 3rd period - Shot Misses the Net.
5:48 of 3rd period - Slapshot by Rico Fata.
5:48 of 3rd period - Shot Misses the Net.
5:50 of 3rd period - Snap shot by Rico Fata.
5:50 of 3rd period - Goal by Rico Fata - National : 1 - Sewer Rats : 7.
5:51 of 3rd period - Chris Mueller wins face-off versus Kyle Turris in neutral zone.
6:00 of 3rd period - Slapshot by Ty Wishart.
6:00 of 3rd period - Stopped by Semyon Varlamov with a rebound.
6:35 of 3rd period - Minor Penalty to Lars Eller for Holding.
6:36 of 3rd period - Steven Reinprecht wins face-off versus Mikael Backlund in Sewer Rats zone.
7:10 of 3rd period - Snap shot by David Desharnais.
7:10 of 3rd period - Shot Misses the Net.
7:12 of 3rd period - Slapshot by Magnus Paajarvi-Svensson.
7:12 of 3rd period - Shot Misses the Net.
8:35 of 3rd period - Penalty to Lars Eller is over, Lars Eller is back on ice.
8:43 of 3rd period - Slapshot by Vojtech Polak.
8:43 of 3rd period - Stopped by Tyler Plante with a rebound.
8:49 of 3rd period - Slapshot by Kyle Turris.
8:49 of 3rd period - Shot Blocked by Ty Wishart.
8:57 of 3rd period - Snap shot by Vojtech Polak.
8:57 of 3rd period - Shot Blocked by Ty Wishart.
8:59 of 3rd period - Snap shot by Kyle Turris.
8:59 of 3rd period - Shot Hit the Post.
9:01 of 3rd period - Slapshot by Kyle Quincey.
9:01 of 3rd period - Shot Blocked by Ty Wishart.
9:21 of 3rd period - Snap shot by Lars Eller.
9:21 of 3rd period - Stopped by Tyler Plante with a rebound.
9:23 of 3rd period - Snap shot by Vojtech Polak.
9:23 of 3rd period - Deflect By Lars Eller.
9:23 of 3rd period - Shot Hit the Post.
9:23 of 3rd period - Puck is out of play.
9:24 of 3rd period - Evan Brophey wins face-off versus David Desharnais in National zone.
9:31 of 3rd period - Wrist shot by Magnus Paajarvi-Svensson.
9:31 of 3rd period - Shot Blocked by Kyle Quincey.
9:37 of 3rd period - Jonathan Cheechoo is hit by Patrick Bordeleau.
9:47 of 3rd period - John-Michael Liles is hit by Mikael Backlund and loses puck.
10:06 of 3rd period - Wrist shot by Rico Fata.
10:06 of 3rd period - Stopped by Semyon Varlamov without a rebound.
10:07 of 3rd period - Derek Dorsett wins face-off versus Chris Mueller in Sewer Rats zone.
10:12 of 3rd period - Slapshot by Kyle Quincey.
10:12 of 3rd period - Deflect By Igor Makarov.
10:12 of 3rd period - Stopped by Tyler Plante with a rebound.
10:14 of 3rd period - Snap shot by Kyle Quincey.
10:14 of 3rd period - Shot Blocked by Denis Bodrov.
10:16 of 3rd period - Wrist shot by Kyle Okposo.
10:16 of 3rd period - Stopped by Tyler Plante without a rebound.
10:17 of 3rd period - Evan Brophey wins face-off versus Mikael Backlund in National zone.
10:20 of 3rd period - Snap shot by Patrick Bordeleau.
10:20 of 3rd period - Stopped by Tyler Plante with a rebound.
10:22 of 3rd period - Backhand shot by Kyle Quincey.
10:22 of 3rd period - Stopped by Tyler Plante without a rebound.
10:23 of 3rd period - Evan Brophey wins face-off versus Mikael Backlund in National zone.
10:55 of 3rd period - Snap shot by Magnus Paajarvi-Svensson.
10:55 of 3rd period - Goal by Magnus Paajarvi-Svensson - National : 2 - Sewer Rats : 7.
10:56 of 3rd period - Mikael Backlund wins face-off versus Kyle Turris in neutral zone.
11:05 of 3rd period - Snap shot by Guillaume Desbiens.
11:05 of 3rd period - Stopped by Semyon Varlamov with a rebound.
11:07 of 3rd period - Wrist shot by Mikael Backlund.
11:07 of 3rd period - Shot Misses the Net.
11:09 of 3rd period - Snap shot by Mikael Backlund.
11:09 of 3rd period - Shot Misses the Net.
11:11 of 3rd period - Slapshot by Dustin Kohn.
11:11 of 3rd period - Stopped by Semyon Varlamov with a rebound.
11:21 of 3rd period - Jonathan Cheechoo is hit by Lars Eller.
11:46 of 3rd period - Minor Penalty to Philip Larsen for High sticking.
11:47 of 3rd period - Steven Reinprecht wins face-off versus Mikael Backlund in National zone.
13:46 of 3rd period - Penalty to Philip Larsen is over, Philip Larsen is back on ice.
14:21 of 3rd period - Denis Bodrov is hit by Matt Lashoff and loses puck.
14:35 of 3rd period - Icing by Kyle Quincey.
14:36 of 3rd period - Lars Eller wins face-off versus Jonathan Cheechoo in Sewer Rats zone.
14:56 of 3rd period - Minor Penalty to John-Michael Liles for Holding.
14:57 of 3rd period - Mikael Backlund wins face-off versus Steven Reinprecht in Sewer Rats zone.
15:12 of 3rd period - Snap shot by Mikael Backlund.
15:12 of 3rd period - Deflect By Pasi Salonen.
15:12 of 3rd period - Stopped by Semyon Varlamov with a rebound.
15:22 of 3rd period - John Erskine is hit by Dustin Kohn and loses puck.
16:39 of 3rd period - Denis Bodrov is hit by Matt Lashoff and loses puck.
16:56 of 3rd period - Penalty to John-Michael Liles is over, John-Michael Liles is back on ice.
17:02 of 3rd period - Patrick Bordeleau is hit by Philip Larsen and loses puck.
17:52 of 3rd period - Snap shot by Lars Eller.
17:52 of 3rd period - Shot Misses the Net.
18:11 of 3rd period - Icing by Dustin Kohn.
18:12 of 3rd period - Chris Mueller wins face-off versus Kyle Turris in National zone.
19:23 of 3rd period - Minor Penalty to Mark Mancari for Holding.
19:24 of 3rd period - Steven Reinprecht wins face-off versus Mikael Backlund in Sewer Rats zone.
Goals for this period are 2 for National vs 1 for Sewer Rats.
Shots for this period are 8 for National vs 7 for Sewer Rats.


Output by the SimonT Hockey Simulator (STHS) for François Prévost -- Original Page W3C XHTML 1.0 Valid
Hockey Simulator - Hockey Simulation - Hockey Manager